Description

This build is a bit old, but still fun for out zerging the zerg.

VOD

https://www.youtube.com/watch?v=Ick-YR4LyVQ

Build Order

Get SALT Encoding   

  12  0:00  SCV  
  13  0:12  SCV  
  14  0:16  Supply Depot  
  14  0:24  SCV  
  15  0:38  SCV  
  15  0:40  Barracks  
  16  0:44  Refinery  
  16  0:50  SCV  
  17  1:02  SCV  
  18  1:14  SCV  
  19  1:27  Reaper, Orbital Command  
  20  1:40  Command Center  
  20  1:46  Supply Depot  
  20  1:53  SCV  
  21  1:59  Marine  
  22  2:05  SCV  
  23  2:10  Factory  
  23  2:11  Refinery  
  23  2:17  SCV  
  23  2:22  Barracks Reactor  
  25  2:51  Orbital Command  
  26  3:01  Starport  
  26  3:06  Hellion x2  
  26  3:12  Barracks Tech Lab  
  33  3:26  Supply Depot  
  33  3:27  Hellion x2  
  40  3:45  Banshee  
  40  3:47  Supply Depot  
  46  3:56  Hellion x2  
  50  4:07  Supply Depot  
  50  4:17  Hellion x2  
  56  4:28  Banshee  
  61  4:39  Hellion x2  
  61  4:43  Command Center  
  67  4:51  Factory x2  
  69  5:00  Refinery x2  
  72  5:11  Banshee  
  82  5:28  Armory  
  86  5:40  Factory Tech Lab x2  
  93  6:03  Banshee  
  97  6:06  Infernal Pre-Igniter, Mag-Field Accelerator  
  101  6:14  Orbital Command  
  101  6:15  Terran Vehicle And Ship Armor Level 1  
  101  6:21  Cyclone  
  106  6:30  Refinery x2  
  107  6:35  Cyclone  
  111  6:46  Banshee  
  116  6:51  Command Center  
  118  6:57  Cyclone  
  123  7:07  Cyclone  
  138  7:30  Cyclone  
  143  7:49  Factory x2  
  143  7:53  Starport x2  
Spawning Tool Build Advisor. Get it on Overwolf

Analysis

This build has very high potential. The more you harass with the cyclones and banshees, the better off you'll be. Be very careful around banelings and fungals, since your units are very fragile.

Keep expanding after the build ends. This build is not for cowardly turtles!

It is recommended to get all the armor upgrades on your armory, then move into ship weapons with vehicle weapons coming last.

Go to:

Details

  • Created by: flashandfoul
  • Published on: Dec 29, 2022
  • Modified on: Dec 29, 2022
  • Patch: 4.11.0
  • Difficulty: Medium
Show
View Real Time Build Order
Export as new Build Order

Comments (0)

There are no comments. Be the first!

Create an account to comment!